 Dungeon Crawl Stone Soup version 0.28.0 (webtiles) character file.

Game seed: 6068282794796103395

22 Prodoman the Magician (level 2, 0/19 HPs)
             Began as a Demonspawn Hedge Wizard on Feb 4, 2022.
             Slain by Robin (4 damage)
             ... on level 2 of the Dungeon.
             The game lasted 00:03:15 (332 turns).

Prodoman the Magician (Demonspawn Hedge Wizard)      Turns: 332, Time: 00:03:17

Health: 0/19       AC:  2    Str: 10    XL:     2   Next: 68%
Magic:  0/6        EV: 12    Int: 15    God:
Gold:   32         SH:  0    Dex: 12    Spells: 6/7 levels left

rFire   . . .      SeeInvis .   a - +0 dagger
rCold   . . .      Faith    .   (no shield)
rNeg    . . .      Spirit   .   b - +0 robe
rPois   .          Reflect  .   c - +0 hat
rElec   .          Harm     .   (no cloak)
rCorr   .          Rampage  .   (no gloves)
Will    .....                   (no boots)
Stlth   ++........              (no amulet)
HPRegen 0.06/turn               e - ring of wizardry
MPRegen 0.10/turn               (no ring)

@: no status effects
A: sturdy frame 1
a: no special abilities


You were on level 2 of the Dungeon.
You visited 1 branch of the dungeon, and saw 2 of its levels.

You collected 32 gold pieces.

Inventory:

Hand Weapons
 a - a +0 dagger (weapon)
Armour
 b - a +0 robe (worn)
 c - a +0 hat (worn)
Jewellery
 e - a ring of wizardry (left hand)


   Skills:
 + Level 2.0 Dodging
 + Level 2.1 Stealth
 - Level 3.0 Spellcasting
 + Level 1.4 Conjurations
 + Level 1.4 Summonings
 + Level 1.2 Translocations


You had 6 spell levels left.
You knew the following spells:

 Your Spells              Type           Power      Damage    Failure   Level
a - Magic Dart            Conj           24%        1d4       4%          1

Your spell library contained the following spells:

 Spells                   Type           Power      Damage    Failure   Level
 Call Imp                 Summ           6%         N/A       7%          2
 Blink                    Tloc           12%        N/A       8%          2
 Slow                     Hex            8%         N/A       9%          1
 Conjure Flame            Conj/Fire      4%         6-21      17%         3
 Mephitic Cloud           Conj/Pois/Air  3%         N/A       21%         3


Dungeon Overview and Level Annotations

Branches:
Dungeon (1/15)

Altars:

Annotations:
D:2 Robin


Innate Abilities, Weirdness & Mutations

Your movements are slightly less encumbered by armour. (ER -2)


Message History

The goblin hits you with a +0 club.
* * * LOW HITPOINT WARNING * * *
Hit: a) +0 dagger
Press: ? - help, Dir - move target, f/p - goblin
Aim: a goblin, wielding a +0 club (severely wounded, about 45% to evade your +0 dagger)
You hit the goblin.
You kill the goblin!
Casting: Magic Dart (safe; 4% risk of failure)
Confirm with . or Enter, or press ? or * to list all spells.
Aiming: Magic Dart (safe; 4% risk of failure)
Press: ? - help, Shift-Dir - straight line, f - Robin
Aim: Robin, wielding a +0 falchion, wearing a +0 animal skin and wearing a +2 helmet (100% to hit)
The magic dart hits Robin.
Robin is lightly wounded.
Robin barely misses you.
Hit: a) +0 dagger
Press: ? - help, Dir - move target, f/p - Robin
Aim: Robin, wielding a +0 falchion, wearing a +0 animal skin and wearing a +2 helmet (lightly wounded, about 31% to evade your +0 dagger)
You barely miss Robin.
Robin is lightly wounded.
Robin hits you but does no damage.
Hit: a) +0 dagger
Press: ? - help, Dir - move target, f/p - Robin
Aim: Robin, wielding a +0 falchion, wearing a +0 animal skin and wearing a +2 helmet (lightly wounded, about 31% to evade your +0 dagger)
You hit Robin but do no damage.
Robin is lightly wounded.
Robin barely misses you.
Hit: a) +0 dagger
Press: ? - help, Dir - move target, f/p - Robin
Aim: Robin, wielding a +0 falchion, wearing a +0 animal skin and wearing a +2 helmet (lightly wounded, about 31% to evade your +0 dagger)
You hit Robin.
Robin is moderately wounded.
Robin barely misses you.
Hit: a) +0 dagger
Press: ? - help, Dir - move target, f/p - Robin
Aim: Robin, wielding a +0 falchion, wearing a +0 animal skin and wearing a +2 helmet (moderately wounded, about 31% to evade your +0 dagger)
You hit Robin.
Robin is moderately wounded.
Robin hits you with a +0 falchion.
You die...

#.####.######
##....#.......
#......#
#......#
#......#
#####'## #g#
#g# #@# ###


You could see Robin and a hobgoblin (strong).

Vanquished Creatures
  An endoplasm (D:1)
  6 goblins
  3 hobgoblins
  3 jackals (D:1)
  A kobold (D:1)
  A quokka (D:1)
  2 frilled lizards (D:1)
  A rat (D:1)
18 creatures vanquished.

Notes
Turn   | Place    | Note
-------+----------+-------------------------------------------
     0 | D:1      | Prodoman the Demonspawn Hedge Wizard began the quest for
                  | the Orb.
     0 | D:1      | Reached XP level 1. HP: 13/13 MP: 4/4
    46 | D:1      | Reached skill level 1 in Translocations
   231 | D:1      | Gained mutation: Your movements are slightly less
                  | encumbered by armour. (ER -2) [demonic ancestry]
   231 | D:1      | Reached XP level 2. HP: 19/19 MP: 0/6
   295 | D:1      | You fall into a shaft and drop 1 floor!
   295 | D:2      | Noticed Robin
   332 | D:2      | Slain by Robin

Illustrated notes

Levels and vault maps discovered:
D:1:      co_arrival_random_square_maze, layout_rooms, eino_curves_01
D:2:      layout_basic, chequers_ecumenical_altar_simple,
          kennysheep_generic_room_6, uniq_robin, uniq_terence

Skill      XL: |  1  2 |
---------------+-------+-----
Translocations | 1 |  1.2
Stealth        | 2 |  2.1
Dodging        | 2 |  2.0
Spellcasting   | |  3.0
Conjurations   | |  1.4
Summonings     | |  1.4

Action                   || total
-------------------------++-------
Melee: Dagger            ||    49
       Punch             ||     1
 Cast: Magic Dart        ||    23
  Use: Potion            ||     1
       Scroll            ||     1
Armor: Robe              ||    12
Dodge: Dodged            ||    29
